 Dungeon Crawl Stone Soup version 0.20-a0-1089-g3fde505 (webtiles) character file.

1176 Ijustatesigmund the Carver (level 8, -14/67 HPs)
             Began as a Barachi Fighter on May 2, 2017.
             Demolished by an ogre
             ... wielding a +0 giant club
              (20 damage)
             ... on level 3 of the Dungeon.
             The game lasted 00:10:55 (4593 turns).

Ijustatesigmund the Carver (Barachi Fighter)        Turns: 4593, Time: 00:10:56

Health: -14/67     AC: 11    Str: 18    XL:     8   Next: 41%
Magic:  8/8        EV:  6    Int:  9    God:
Gold:   159        SH:  9    Dex: 13    Spells: 7/7 levels left

rFire    . . .     SeeInvis .   a - +1 long sword
rCold    . . .     Gourm    +   c - +0 shield
rNeg     . . .     Faith    .   j - +0 chain mail
rPois    +         Spirit   .   (helmet restricted)
rElec    .         Reflect  .   q - +0 cloak
rCorr    .         Harm     .   h - +0 pair of gloves
MR       .....                  (no boots)
Stlth    ..........             g - amulet of the gourmand
Regen    0.3/turn               (no ring)
MPRegen  0.2/turn               (no ring)

@: slow
A: +LOS, swims, horns 1, poison resistance, slowness 1, strong legs 1
a: Hop


You were on level 3 of the Dungeon.
You were completely stuffed.

You visited 1 branch of the dungeon, and saw 6 of its levels.

You collected 159 gold pieces.

Inventory:

Hand Weapons
 a - a +1 long sword (weapon)
Armour
 c - a +0 shield (worn)
 h - a +0 pair of gloves (worn)
 j - a +0 chain mail (worn)
 q - a +0 cloak (worn)
Jewellery
 g - an amulet of the gourmand (around neck)
Scrolls
 d - 3 scrolls of remove curse
 m - a scroll of enchant armour {unknown}
Potions
 e - a potion of magic
 k - 2 potions of brilliance
 n - a potion of resistance {unknown}
 o - a potion of heal wounds {unknown}
Comestibles
 b - a royal jelly
 f - 3 bread rations
 i - 2 fruits
 l - a meat ration
 p - 3 chunks of flesh


   Skills:
 + Level 7.4 Fighting
 * Level 9.4 Long Blades
 - Level 3.6 Armour
 - Level 2.7 Dodging
 - Level 3.2 Shields


You had 7 spell levels left.
You didn't know any spells.

Dungeon Overview and Level Annotations

Branches:
Dungeon (6/15)
 Temple: D:4-7

Altars:
Dithmenos
Elyvilon
Qazlal
Yredelemnul

Annotations:
D:5 Menkaure


Innate Abilities, Weirdness & Mutations

Shadows flee at your approach. (+LOS)
You can swim through water.
You cover ground slowly.
You can hop short distances.
You have a pair of small horns on your head.
Your system is resistant to poisons. (rPois)


Message History

You block the iguana's attack.
You slash the iguana!
You kill the iguana!
You hit the ogre.
The ogre is lightly wounded.
The ogre hits you with a giant club!
You hit the ogre but do no damage. Your headbutt misses the ogre.
The ogre is lightly wounded.
The ogre hits you with a giant club!
* * * LOW HITPOINT WARNING * * *
You slash the ogre!
The ogre is heavily wounded.
The ogre hits you with a giant club!
* * * LOW HITPOINT WARNING * * *
You slash the ogre! Your headbutt misses the ogre.
The ogre is almost dead.
You completely miss the ogre.
The ogre is almost dead.
The ogre hits you with a giant club!!
You die...

#.######## # #.## #
#..######## #
#.###..##.##### # #.#
#..##.#...# ##### #.#
#.........#####....
#.######..#.......#.###
#.#...##....=..##.#.#
#.#.#.@O>....#.##.#.#
#.#...##..##.#.##.#.###
#.##.###..#............
#.#.#.##.[#............
#..###.#..#.##.##.##.##
##.##
##........##.##.## #.##
##..#.#####.##.## ##.##
##..##.#####.##.##
##.###.#...............


You could see an ogre.

Vanquished Creatures
  Grinder (D:3)
  Sigmund (D:5)
  2 sky beasts
  A scorpion (D:5)
  A howler monkey (D:6)
  The ghost of Yermak the Slasher, a weakling TeBe of Trog (D:3)
  A hound (D:5)
  Crazy Yiuf (D:3)
  A jelly (D:5)
  An iguana (D:3)
  Natasha (thrice) (D:3)
  An orc wizard (D:3)
  2 worker ants
  A hound zombie (D:6)
  Robin (D:3)
  A gnoll (D:2)
  11 adders
  An ooze (D:6)
  An adder skeleton (D:6)
  2 worms (D:2)
  2 dart slugs (D:2)
  A leopard gecko (D:1)
  8 orcs (D:3)
  5 ball pythons
  13 bats
  16 giant cockroaches
  15 goblins
  11 hobgoblins
  3 jackals
  2 quokkas (D:2)
  4 frilled lizards
  A giant cockroach zombie (D:5)
  6 kobolds
  8 rats
130 creatures vanquished.

Vanquished Creatures (others)
  2 fungi (D:3)
2 creatures vanquished.

Grand Total: 132 creatures vanquished

Notes
Turn   | Place    | Note
-------+----------+-------------------------------------------
     0 | D:1      | Ijustatesigmund the Barachi Fighter began the quest for the Orb.
     0 | D:1      | Reached XP level 1. HP: 18/18 MP: 1/1
    95 | D:1      | Reached XP level 2. HP: 25/25 MP: 2/2
   108 | D:1      | Reached skill level 3 in Long Blades
   205 | D:1      | Reached skill level 1 in Dodging
   353 | D:1      | Reached XP level 3. HP: 27/30 MP: 3/3
   672 | D:2      | Reached XP level 4. HP: 37/37 MP: 4/4
   764 | D:2      | Reached skill level 4 in Long Blades
  1299 | D:2      | Gained mutation: You have a pair of small horns on your head. [potion of mutation]
  1299 | D:2      | Gained mutation: Your system is resistant to poisons. (rPois) [potion of mutation]
  1316 | D:2      | Reached XP level 5. HP: 4/43 MP: 5/5
  1942 | D:3      | Reached skill level 5 in Fighting
  2071 | D:3      | Noticed Grinder
  2415 | D:4      | Reached skill level 5 in Long Blades
  2418 | D:4      | Noticed an ogre
  2449 | D:5      | Entered Level 5 of the Dungeon
  2715 | D:5      | Noticed Sigmund
  2721 | D:5      | Killed Sigmund
  2721 | D:5      | Reached skill level 6 in Long Blades
  2721 | D:5      | Reached XP level 6. HP: 30/52 MP: 6/6
  3172 | D:5      | Reached XP level 7. HP: 45/57 MP: 7/7
  3296 | D:5      | Reached skill level 7 in Long Blades
  3302 | D:5      | Found a basalt altar of Yredelemnul.
  3321 | D:5      | Noticed Menkaure
  3345 | D:6      | Found a white marble altar of Elyvilon.
  3498 | D:6      | Found a stormy altar of Qazlal.
  3701 | D:3      | Paralysed by Grinder for 5 turns
  3712 | D:3      | Paralysed by Grinder for 6 turns
  3719 | D:3      | Killed Grinder
  3719 | D:3      | Reached skill level 8 in Long Blades
  3719 | D:3      | Reached XP level 8. HP: 51/67 MP: 8/8
  3877 | D:3      | Noticed Robin
  3886 | D:3      | Killed Robin
  3915 | D:3      | Noticed Yermak's ghost (weakling TeBe)
  3936 | D:3      | Killed Yermak's ghost
  3953 | D:3      | Found a shadowy altar of Dithmenos.
  4099 | D:3      | Noticed Natasha
  4104 | D:3      | Killed Natasha
  4104 | D:3      | Reached skill level 9 in Long Blades
  4134 | D:3      | Noticed Natasha
  4142 | D:3      | Killed Natasha
  4341 | D:3      | Noticed Natasha
  4349 | D:3      | Killed Natasha
  4468 | D:3      | Found a runed door.
  4472 | D:3      | Noticed Crazy Yiuf
  4480 | D:3      | Killed Crazy Yiuf
  4593 | D:3      | Demolished by an ogre

Vault maps used:
D:1:      dpeg_arrival_windows_large_door, solitary_fountain
D:2:      kennysheep_big_flooded_room, st_stairs_11, supply_closet_lemuel,
          minmay_box_of_dots
D:3:      minmay_roachtagon, grunt_dithmenos_smoke, first_bread, uniq_grinder,
          uniq_robin, uniq_natasha, uniq_crazy_yiuf_cottage
D:4:      temple_doors_e, serial_shops, nicolae_shop_stone,
          lightli_corner_chamber
D:5:      slow_altar_2, basic_altar, uniq_menkaure, uniq_sigmund,
          uniq_prince_ribbit1
D:6:      lemuel_round_altar, minitemple, serial_shops, kennysheep_little_box,
          serial_bayou_pond_a, uniq_edmund

Skill      XL: |  1  2  3  4  5  6  7  8 |
---------------+-------------------------+-----
Long Blades    | 3 4 6 8 9 |  9.4
Dodging        | 1 2 |  2.7
Fighting       | 4 5 7 |  7.4
Armour         | |  3.6
Shields        | |  3.2

Action                   |  1- 3 |  4- 6 |  7- 9 || total
-------------------------+-------+-------+-------++-------
Melee: Long sword        |   114 |   202 |   155 ||   471
       Headbutt          |       |    29 |    27 ||    56
 Abil: Hop               |       |     2 |     2 ||     4
  Use: Scroll            |     2 |     7 |     1 ||    10
       Potion            |       |     6 |       ||     6
  Eat: Chunk             |       |    12 |    12 ||    24
Armor: Scale mail        |    41 |   106 |       ||   147
       Chain mail        |       |     9 |    66 ||    75
Dodge: Dodged            |    44 |    80 |    35 ||   159
Block: Shield            |    63 |   113 |    54 ||   230
       Rpst.: Long sword |    11 |    27 |    16 ||    54
